 Dungeon Crawl Stone Soup version 0.22.1-6-g1668fe2c40 (webtiles) character file.

881 Riddle the Sneak (level 8, -1/46 HPs)
             Began as an Octopode Fire Elementalist on Jan 20, 2019.
             Was a Follower of Sif Muna.
             Slain by a sky beast (6 damage)
             ... on level 4 of the Dungeon.
             The game lasted 00:12:13 (6318 turns).

Riddle the Sneak (Octopode Fire Elementalist)       Turns: 6318, Time: 00:12:14

Health: -1/46      AC:  1    Str:  7    XL:     8   Next: 5%
Magic:  17/24      EV: 13    Int: 20    God:    Sif Muna [*.....]
Gold:   213        SH:  4    Dex: 12    Spells: 10/16 levels left

rFire    . . .     SeeInvis .   v - +0 long sword
rCold    + . .     Gourm    .   (no shield)
rNeg     . . .     Faith    .   (helmet restricted)
rPois    .         Spirit   .   t - +4 amulet of reflection
rElec    .         Reflect  +   a - ring of magical power
rCorr    .         Harm     .   d - ring of protection from cold
MR       .....                  n - ring of stealth
Stlth    +++++.....             (no ring)
HPRegen  0.15/turn              (no ring)
MPRegen  0.19/turn              (no ring)
                                (no ring)
                                (no ring)

@: no status effects
A: almost no armour, stealthy swim, amphibious, 8 rings, constrict 8, camouflage
1, gelatinous body 1
a: Divine Energy, Renounce Religion


You were on level 4 of the Dungeon.
You worshipped Sif Muna.
Sif Muna was aware of your devotion.
You were very hungry.

You visited 2 branches of the dungeon, and saw 6 of its levels.

You collected 213 gold pieces.

Inventory:

Hand Weapons
 v - a +0 long sword (weapon)
Jewellery
 a - a ring of magical power (left tentacle)
 d - a ring of protection from cold (right tentacle)
 n - a ring of stealth (on tentacle)
 t - a +4 amulet of reflection (around mantle)
Wands
 w - a wand of clouds (2)
 y - a wand of iceblast (7)
Scrolls
 c - a scroll of fog {unknown}
 h - 2 scrolls of remove curse {unknown}
 i - 4 scrolls of identify {unknown}
 j - a scroll of enchant armour {unknown}
 o - 2 scrolls of noise {unknown}
 q - a scroll of amnesia {unknown}
 r - a scroll of fear {unknown}
 s - a scroll of immolation {unknown}
 x - a scroll of enchant weapon {unknown}
Potions
 e - 6 potions of curing
 f - 2 potions of lignification {unknown}
 g - 4 potions of degeneration {unknown}
 k - a potion of haste {unknown}
 l - a potion of resistance {unknown}
 m - 2 potions of flight {unknown}
 p - 2 potions of mutation {unknown}
 u - 2 potions of heal wounds {unknown}
Comestibles
 b - 8 rations


   Skills:
 - Level 2.0 Dodging
 + Level 5.5 Stealth
 * Level 4.7 Spellcasting
 * Level 4.6 Conjurations
 * Level 5.5 Fire Magic


You had 10 spell levels left.
You knew the following spells:

 Your Spells              Type           Power        Failure   Level  Hunger
a - Flame Tongue          Conj/Fire      ####.        1%          1    None
b - Throw Flame           Conj/Fire      ####..       2%          2    #......
c - Conjure Flame         Conj/Fire      ####....     4%          3    ##.....

Your spell library contained the following spells:

 Spells                   Type           Power        Failure   Level  Hunger
 Inner Flame              Hex/Fire       ###.....     12%         3    ##.....
 Sticky Flame             Conj/Fire      ####....     14%         4    ####...
 Fireball                 Conj/Fire      ####......   38%         5    ######.


Dungeon Overview and Level Annotations

Branches:
Dungeon (5/15)             Temple (1/1) D:4

Altars:
Ashenzari
Cheibriados
Elyvilon
Fedhas
Hepliaklqana
Okawaru
Ru
Sif Muna
Trog
Uskayaw
Vehumet
Xom
Yredelemnul
Zin
The Shining One

Annotations:
D:5 Edmund, Sigmund


Innate Abilities, Weirdness & Mutations

You cannot wear most types of armour.
You are very stealthy in the water. (Stealth+)
You are amphibious.
You can wear up to eight rings at the same time.
You can use your tentacles to constrict eight enemies at once.
Your skin changes colour to match your surroundings (Stealth+).
Your rubbery body absorbs attacks. (AC +1, EV +1)


Message History

The flame tongue hits the sky beast.
The sky beast appears unharmed.
The sky beast is almost dead.
The sky beast flickers out of sight!
Deactivating autopickup; reactivate with Ctrl-A.
Something hits you.
* * * LOW HITPOINT WARNING * * *
Something shocks you.
* * * LOW HITPOINT WARNING * * *
It was a potion of curing.
You feel better. Something hits you. Something shocks you.
* * * LOW HITPOINT WARNING * * *
Okay, then.
Casting: Flame Tongue (safe; 1% risk of failure)
Confirm with . or Enter, or press ? or * to list all spells.
Aiming: Throw Flame (safe; 2% risk of failure)
Press: ? - help, Shift-Dir - straight line Something hits you.
* * * LOW HITPOINT WARNING * * *
Something shocks you.
You die...

#............##
##............#
####################
..............###..#
...#...#...#..#...##
............._#.###
...#...#...#..#.#
..............#{##
###############[@#
#............##
#.............#
##.............#
#.##...........#
####.##...).......#
.....###..........#
....## ##........##
.....# #.......##


There were no monsters in sight!

Vanquished Creatures
  An eye of draining (D:5)
  An ogre (D:5)
  2 scorpions (D:4)
  A jelly (D:5)
  A hound (D:4)
  Ijyb (D:4)
  Natasha (thrice) (D:4)
  3 worker ants
  3 orc wizards
  A hound skeleton (D:4)
  6 gnolls
  13 adders
  2 oozes
  An adder skeleton (D:4)
  2 worms (D:2)
  A dart slug (D:1)
  5 leopard geckos
  11 orcs
  8 bats
  A giant cockroach (D:4)
  6 goblins
  5 hobgoblins
  5 jackals
  A ball python (D:4)
  A frilled lizard (D:2)
  8 kobolds
  22 rats
115 creatures vanquished.

Notes
Turn   | Place    | Note
-------+----------+-------------------------------------------
     0 | D:1      | Riddle the Octopode Fire Elementalist began the quest for
                  | the Orb.
     0 | D:1      | Reached XP level 1. HP: 11/11 MP: 3/3
   251 | D:1      | Reached XP level 2. HP: 17/17 MP: 3/5
   379 | D:1      | Learned a level 2 spell: Throw Flame
   976 | D:2      | Reached XP level 3. HP: 14/21 MP: 1/6
  1125 | D:2      | Learned a level 3 spell: Conjure Flame
  1415 | D:1      | Reached XP level 4. HP: 27/27 MP: 8/8
  2424 | D:3      | Reached XP level 5. HP: 31/31 MP: 8/9
  3221 | D:4      | Noticed Natasha
  3231 | D:4      | Killed Natasha
  3231 | D:4      | Reached XP level 6. HP: 24/36 MP: 0/11
  3474 | D:4      | Noticed Natasha
  3482 | D:4      | Killed Natasha
  4076 | D:4      | Noticed Natasha
  4079 | D:4      | Killed Natasha
  4079 | D:4      | Reached XP level 7. HP: 41/41 MP: 13/13
  4154 | D:4      | Found a staircase to the Ecumenical Temple.
  4184 | Temple   | Entered the Ecumenical Temple
  4311 | Temple   | Became a worshipper of Sif Muna the Loreminder
  4891 | D:4      | Found a blossoming altar of Fedhas.
  5177 | D:5      | Entered Level 5 of the Dungeon
  5185 | D:4      | Reached skill level 5 in Stealth
  5185 | D:4      | Reached skill level 5 in Fire Magic
  5443 | D:5      | Noticed Ijyb
  5447 | D:5      | Noticed Sigmund
  5453 | D:4      | Killed Ijyb
  5940 | D:5      | Reached * piety under Sif Muna
  5944 | D:5      | Reached XP level 8. HP: 33/46 MP: 11/15
  6141 | D:5      | Noticed Edmund
  6318 | D:4      | Slain by a sky beast

Skill      XL: |  1  2  3  4  5  6  7 |
---------------+----------------------+-----
Stealth        | 3 4 5 |  5.5
Conjurations   | 2 3 4 |  4.6
Spellcasting   | 3 4 |  4.7
Fire Magic     | 4 5 |  5.5
Dodging        | |  2.0

Action                   |  1- 3 |  4- 6 |  7- 9 || total
-------------------------+-------+-------+-------++-------
Melee: Unarmed           |    21 |       |       ||    21
       Constrict         |     5 |     1 |     1 ||     7
       Tentacles         |     3 |     1 |       ||     4
       Short sword       |       |     3 |       ||     3
       Long sword        |       |       |     7 ||     7
 Cast: Flame Tongue      |    44 |    57 |    50 ||   151
       Throw Flame       |    11 |    66 |    51 ||   128
       Conjure Flame     |     1 |     8 |     4 ||    13
  Use: Potion            |       |       |     1 ||     1
  Eat: Chunk             |     1 |    13 |     3 ||    17
       Ration            |       |       |     1 ||     1
Armor: Skin              |     2 |     1 |     2 ||     5
Dodge: Dodged            |    30 |     7 |     9 ||    46
       Rpst.: Long sword |       |       |     3 ||     3
